 Dungeon Crawl Stone Soup version 0.25.0-3-gd7cc5688da (webtiles) character file.

Game seed: 4158247553146413184

4588 lepoulpe303 the Cleaver (level 10, -2/90 HPs)
             Began as a Deep Dwarf Fighter on June 15, 2020.
             Was a Follower of Makhleb.
             Slain by an ogre
             ... wielding a +0 giant spiked club
              (12 damage)
             ... on level 9 of the Dungeon.
             The game lasted 00:27:54 (7244 turns).

lepoulpe303 the Cleaver (Deep Dwarf Fighter)        Turns: 7244, Time: 00:27:55

Health: -2/90      AC: 14    Str: 21    XL:     10   Next: 18%
Magic:  13/13      EV:  6    Int: 10    God:    Makhleb [*.....]
Gold:   435        SH: 11    Dex: 13    Spells: 9/9 levels left

rFire    . . .     SeeInvis .   a - +0 war axe
rCold    . . .     Gourm    .   D - +0 kite shield
rNeg     . . .     Faith    .   P - +0 plate armour
rPois    .         Spirit   .   (no helmet)
rElec    .         Reflect  .   K - +0 cloak (curse)
rCorr    .         Harm     .   (no gloves)
MR       +....                  (no boots)
Stlth    ..........             (no amulet)
HPRegen  0.00/turn              (no ring)
MPRegen  0.13/turn              (no ring)

@: non-regenerating
A: damage resistance, heal wounds, sense surroundings 2, no regeneration
a: Heal Wounds, Renounce Religion


You were on level 9 of the Dungeon.
You worshipped Makhleb.
Makhleb was aware of your devotion.
You were not hungry.

You visited 1 branch of the dungeon, and saw 9 of its levels.
You also visited: Ossuary.

You collected 561 gold pieces.
You spent 126 gold pieces at shops.

Inventory:

Hand Weapons
 a - a +0 war axe (weapon)
 b - a +2 hunting sling
 c - a +4 flail of holy wrath
 g - a +0 whip of flaming
Missiles
 s - 5 curare-tipped darts (quivered)
 y - 10 boomerangs
 B - 2 javelins
 L - 2 silver boomerangs
 M - 38 sling bullets
 Q - 179 stones
 R - 3 throwing nets {=f}
Armour
 f - +0 fire dragon scales
 j - a +0 scale mail
 D - a +0 kite shield (worn)
 J - a +2 leather armour of cold resistance {rC+}
 K - a cursed +0 cloak (worn)
 N - +0 swamp dragon scales
 P - a +0 plate armour (worn)
 T - a +2 scale mail of magic resistance {MR+}
Jewellery
 u - an uncursed amulet of magic regeneration
 v - an uncursed amulet of magic regeneration
 X - an uncursed ring of protection from magic {unknown}
Wands
 r - a wand of acid (4)
 S - a wand of polymorph (2)
 U - a wand of enslavement (11)
 V - a wand of disintegration (13)
Scrolls
 h - 2 scrolls of amnesia {unknown}
 i - 2 scrolls of identify
 k - 3 scrolls of magic mapping {!r}
 n - a scroll of fog {unknown}
 o - 2 scrolls of enchant armour {unknown}
 p - 2 scrolls of remove curse {unknown}
 t - 4 scrolls of teleportation
 w - 3 scrolls of enchant weapon
 C - a scroll of random uselessness {unknown}
 E - 3 scrolls of fear {unknown}
 I - 2 scrolls of immolation {unknown}
 W - a scroll of noise {unknown}
Potions
 d - 3 potions of might
 l - 3 potions of heal wounds
 m - 3 potions of brilliance
 q - 3 potions of curing
 x - 2 potions of invisibility
 z - 2 potions of lignification {!q}
 A - a potion of magic {unknown}
 F - a potion of mutation {unknown}
 G - 3 potions of flight
 H - 2 potions of ambrosia
 Y - a potion of stabbing {unknown}
Comestibles
 e - 11 rations


   Skills:
 + Level 5.6 Fighting
 * Level 9.0 Axes
 + Level 5.7 Slings
 + Level 6.8 Armour
 + Level 3.8 Dodging
 + Level 6.8 Shields
 * Level 6.8 Invocations


You had 9 spell levels left.
You didn't know any spells.
Your spell library was empty.

Dungeon Overview and Level Annotations

Branches:
Dungeon (9/15)             Temple (0/1) D:7         Ossuary (visited)
   Lair: D:8-11         Orc: D:9-12

Altars:
Ashenzari
Gozag
Kikubaaqudgha
Makhleb
Nemelex Xobeh
Sif Muna
Uskayaw
Vehumet
Wu Jian
Yredelemnul
The Shining One

Shops:
D:4 !

Annotations:
D:4 3 runed translucent doors, diana's ghost, amateur DsFi


Innate Abilities, Weirdness & Mutations

You are resistant to damage.
You can heal yourself by infusing magical energy.
You passively map the area around you.
You do not regenerate.


Message History

A scorpion comes into view.
a - a +0 war axe (weapon)
The ogre hits you but does no damage.
You hit the ogre. You closely miss the ogre.
The ogre hits you with a +0 giant spiked club!
* * * LOW HITPOINT WARNING * * *
You take 8 damage, and have 33/90 hp.
Your plate armour prevents you from hitting the ogre.
A crocodile comes into view.
The ogre hits you with a +0 giant spiked club!!
* * * LOW HITPOINT WARNING * * *
You take 16 damage, and have 17/90 hp.
You hit the ogre.
The ogre hits you with a +0 giant spiked club!
* * * LOW HITPOINT WARNING * * *
You take 7 damage, and have 10/90 hp.
You hit the ogre.
The ogre hits you with a +0 giant spiked club!
You die...

, , , ,
#......# ,,
#<....####** *
, , , *
#........#,,,,,
* #........+, ,
* ,, #.....8..+
_* ##'##....+ ,
#..#....# ,
##.###### * *
#@# ,* * #O# *
* * , ,


.ts , , , , , ..... , , ...$... * ,, , #........ * , , +......... ,,,
#.:......(. , ,, ,,, , You could see a crocodile, an ogre and a scorpion.

Levels and vault maps discovered:
D:1:      doesnt_arrival_eight_statues, layout_basic
D:2:      layout_basic, lemuel_blue_sif_altar, grunt_gozag_breadcrumbs
D:3:      layout_loops_ring, nicolae_overflow_crystal_walls,
          lemuel_coloured_pillars_altar, uniq_sigmund, uniq_jessica
D:4:      layout_cave_pools, overflow_temple_1_default, serial_shops,
          nicolae_shop_statue_plus, gammafunk_ghost_nasty_kobolds
D:5:      layout_loops_ring, first_ration, bloody_makhleb, uniq_pikel
D:6:      layout_basic, chequers_temple_overflow_minitemple, enter_ossuary_3,
          nrook_campfire, uniq_edmund, uniq_crazy_yiuf_cottage, uniq_eustachio
D:7:      layout_basic, lemuel_round_altar, minmay_temple_entry_grid,
          uniq_maggie, uniq_joseph, uniq_harold
D:8:      layout_gridville, grunt_temple_overflow_opulence
D:9:      layout_roguey, slow_altar_2

Notes
Turn   | Place    | Note
-------+----------+-------------------------------------------
     0 | D:1      | lepoulpe303 the Deep Dwarf Fighter began the quest for the
                  | Orb.
     0 | D:1      | Reached XP level 1. HP: 20/20 MP: 1/1
     4 | D:1      | Identified a +0 whip
    21 | D:1      | Identified a +0 dagger
   222 | D:1      | Reached XP level 2. HP: 27/27 MP: 2/2
   570 | D:1      | Identified a +0 club
   579 | D:1      | Identified a +0 hunting sling (You found it on level 1 of
                  | the Dungeon)
   616 | D:1      | Identified a +0 war axe
   650 | D:1      | Identified a cursed -3 club
   843 | D:1      | Identified a +0 club
   922 | D:1      | Identified a +0 club
   990 | D:1      | Identified a +0 club
   997 | D:1      | Reached XP level 3. HP: 25/33 MP: 3/3
  1007 | D:1      | Reached skill level 3 in Axes
  1017 | D:1      | Identified a +0 club
  1309 | D:1      | Identified +0 fire dragon scales (You found it on level 1
                  | of the Dungeon)
  1356 | D:2      | Reached skill level 3 in Fighting
  1457 | D:2      | Identified a +0 club
  1492 | D:2      | Identified a +0 short sword
  1752 | D:2      | Found an opulent altar of Gozag.
  1845 | D:2      | Found a shimmering blue altar of Sif Muna.
  1944 | D:2      | Identified a +0 short sword
  1946 | D:2      | Reached XP level 4. HP: 27/42 MP: 4/4
  2084 | D:2      | Identified a +0 club
  2210 | D:2      | Reached skill level 1 in Slings
  2255 | D:2      | Identified a +2 dagger of pain
  2387 | D:3      | Identified a +0 chain mail
  2416 | D:3      | Found a hide-covered altar of Uskayaw.
  2453 | D:3      | Identified a +0 dagger
  2635 | D:3      | Identified a +2 spear of venom
  2636 | D:3      | Identified a +0 spear
  2647 | D:3      | HP: 10/42 [gnoll/+0 spear (6)]
  2657 | D:3      | HP: 7/42 [poisoned by a gnoll]
  2658 | D:3      | Identified 2 potions of lignification
  2659 | D:3      | Identified a potion of ambrosia
  2662 | D:3      | HP: 10/63 [poisoned by a gnoll]
  2663 | D:3      | Identified a potion of flight
  2664 | D:3      | Identified a potion of heal wounds
  2689 | D:3      | Reached skill level 4 in Shields
  2736 | D:3      | Identified a +0 scythe
  2736 | D:3      | Identified a +0 robe
  2736 | D:3      | Noticed Sigmund
  2790 | D:3      | Killed Sigmund
  2790 | D:3      | Reached skill level 4 in Axes
  2790 | D:3      | Reached skill level 2 in Slings
  2790 | D:3      | Reached skill level 4 in Armour
  2790 | D:3      | Reached XP level 5. HP: 37/49 MP: 5/5
  2790 | D:3      | Reached XP level 6. HP: 43/56 MP: 6/6
  3119 | D:3      | Identified a +2 dagger of holy wrath
  3126 | D:3      | Identified a +0 flail
  3127 | D:3      | Identified a +0 trident
  3133 | D:3      | Identified a +0 robe
  3133 | D:3      | Noticed Jessica
  3136 | D:3      | Identified a +0 club
  3140 | D:3      | Killed Jessica
  3183 | D:3      | Found a basalt altar of Yredelemnul.
  3449 | D:4      | Reached skill level 5 in Axes
  3470 | D:4      | Found a shattered altar of Ashenzari.
  3557 | D:4      | Found Geheo's Distillery.
  3566 | D:4      | Bought a potion of might for 56 gold pieces
  3566 | D:4      | Bought a potion of heal wounds for 70 gold pieces
  3628 | D:4      | Identified a +0 dagger
  3629 | D:4      | Found a runed translucent gate.
  3630 | D:4      | Found a runed translucent gate.
  3631 | D:4      | Found a runed translucent gate.
  3631 | D:4      | Identified a +0 dagger of venom
  3631 | D:4      | Identified a +0 dagger
  3632 | D:4      | Identified a +2 dagger of venom
  3632 | D:4      | Identified a +0 club
  3632 | D:4      | Identified a +0 dagger
  3632 | D:4      | Identified a cursed -1 short sword
  3761 | D:4      | Identified 4 scrolls of magic mapping
  3762 | D:4      | Identified 4 scrolls of identify
  3762 | D:4      | Identified an amulet of magic regeneration (You found it on
                  | level 3 of the Dungeon)
  3763 | D:4      | Identified 2 potions of curing
  3815 | D:4      | Noticed diana's ghost (amateur DsFi)
  3816 | D:4      | Identified a +1 dagger of distortion
  3844 | D:5      | Entered Level 5 of the Dungeon
  3899 | D:5      | Noticed a slave
  3901 | D:5      | Noticed a slave
  3904 | D:5      | Noticed a slave
  3904 | D:5      | Identified a +0 whip of flaming
  3904 | D:5      | Identified a +0 robe
  3904 | D:5      | Noticed Pikel
  3906 | D:5      | Noticed a slave
  3925 | D:4      | Killed a slave
  4113 | D:5      | Identified a +0 falchion
  4113 | D:5      | Identified a +0 scale mail
  4147 | D:5      | Reached XP level 7. HP: 25/63 MP: 7/7
  4210 | D:5      | Killed Pikel
  4210 | D:5      | Reached skill level 4 in Fighting
  4210 | D:5      | Reached skill level 6 in Axes
  4210 | D:5      | Reached skill level 3 in Slings
  4210 | D:5      | Reached skill level 5 in Armour
  4210 | D:5      | Reached skill level 5 in Shields
  4214 | D:5      | Identified a cursed -3 dagger
  4214 | D:5      | Identified a +0 robe
  4225 | D:5      | Reached XP level 8. HP: 29/72 MP: 7/7
  4297 | D:5      | Identified a +0 flail
  4297 | D:5      | Identified a +0 scale mail
  4298 | D:5      | Identified a +0 shortbow
  4298 | D:5      | Identified a +0 short sword
  4298 | D:5      | Identified a +0 ring mail
  4314 | D:5      | HP: 18/72 [centaur (4)]
  4561 | D:5      | Found a burning altar of Makhleb.
  4574 | D:5      | Became a worshipper of Makhleb the Destroyer
  4808 | D:6      | Reached skill level 1 in Invocations
  4819 | D:6      | Identified a +0 scale mail
  4862 | D:6      | Reached skill level 4 in Slings
  4897 | D:6      | Reached skill level 1 in Dodging
  4902 | D:6      | Reached skill level 2 in Invocations
  4917 | D:6      | Identified a +4 flail of holy wrath
  4917 | D:6      | Identified a +0 scale mail
  4917 | D:6      | Noticed Edmund
  4922 | D:6      | Reached skill level 7 in Axes
  4974 | D:6      | Killed Edmund
  5056 | D:6      | Identified a +0 flail
  5056 | D:6      | Identified a +0 falchion
  5056 | D:6      | Identified a +0 scale mail
  5056 | D:6      | Identified a +0 dagger
  5056 | D:6      | Identified a +0 robe
  5057 | D:6      | Identified a +0 halberd
  5057 | D:6      | Identified a +0 chain mail
  5076 | D:6      | Reached skill level 3 in Invocations
  5078 | D:6      | HP: 11/73 [orc warrior/+0 halberd (9)]
  5079 | D:6      | HP: 2/73 [orc warrior/+0 halberd (9)]
  5085 | D:6      | HP: 4/73 [orc warrior/+0 halberd (15)]
  5092 | D:6      | HP: 5/73 [orc warrior/+0 halberd (10)]
  5111 | D:6      | Found a sand-covered staircase.
  5120 | D:6      | HP: 18/73 [ice beast (3)]
  5127 | Ossuary  | Entered an ossuary
  5141 | Ossuary  | Reached skill level 2 in Dodging
  5152 | Ossuary  | Reached * piety under Makhleb
  5162 | Ossuary  | Gained mutation: You passively map the area around you.
                  | [Deep Dwarf growth]
  5162 | Ossuary  | Reached XP level 9. HP: 35/80 MP: 9/9
  5323 | Ossuary  | HP: 17/80 [mummy (13)]
  5324 | Ossuary  | HP: 7/80 [mummy (10)]
  5364 | Ossuary  | Identified 5 scrolls of enchant weapon
  5365 | Ossuary  | Identified 4 scrolls of teleportation
  5383 | D:6      | Identified a cursed +0 falchion
  5383 | D:6      | Identified a +2 leather armour of cold resistance
  5383 | D:6      | Noticed Eustachio
  5439 | D:6      | Killed Eustachio
  5439 | D:6      | Reached skill level 6 in Armour
  5439 | D:6      | Reached skill level 6 in Shields
  5439 | D:6      | Reached skill level 4 in Invocations
  5641 | D:6      | Found a faded altar of an unknown god.
  5641 | D:6      | Found an ancient bone altar of Kikubaaqudgha.
  5646 | D:6      | Found a radiant altar of Vehumet.
  5648 | D:6      | Found a burning altar of Makhleb.
  5649 | D:6      | Found a glowing golden altar of the Shining One.
  5688 | D:6      | Found a runed translucent door.
  5689 | D:6      | Identified a +2 quarterstaff of chaos
  5689 | D:6      | Identified a cursed +0 cloak
  5689 | D:6      | Noticed Crazy Yiuf
  5914 | D:6      | Killed Crazy Yiuf
  6005 | D:7      | Found a staircase to the Ecumenical Temple.
  6005 | D:7      | Identified a +0 glaive
  6005 | D:7      | Identified +0 swamp dragon scales
  6005 | D:7      | Noticed Maggie
  6032 | D:7      | Killed Maggie
  6032 | D:7      | Reached skill level 5 in Fighting
  6071 | D:7      | Identified a +0 giant club
  6084 | D:7      | Reached skill level 8 in Axes
  6160 | D:7      | Reached skill level 5 in Invocations
  6178 | D:7      | Identified a +0 plate armour (You found it on level 7 of
                  | the Dungeon)
  6277 | D:7      | Found an ornate altar of the Wu Jian Council.
  6301 | D:7      | Reached skill level 5 in Slings
  6417 | D:7      | Identified a +0 quarterstaff
  6417 | D:7      | Identified a +0 hunting sling
  6417 | D:7      | Identified a +0 ring mail
  6417 | D:7      | Noticed Joseph
  6417 | D:7      | Identified a +0 hand axe
  6417 | D:7      | Identified a +2 scale mail of magic resistance
  6417 | D:7      | Noticed Harold
  6508 | D:7      | Killed Joseph
  6508 | D:7      | Reached skill level 3 in Dodging
  6552 | D:7      | Killed Harold
  6552 | D:7      | Reached skill level 6 in Invocations
  6552 | D:7      | Reached XP level 10. HP: 65/88 MP: 12/12
  6762 | D:8      | Found a sparkling altar of Nemelex Xobeh.
  6763 | D:8      | Found an opulent altar of Gozag.
  6911 | D:8      | Identified a +0 dagger
  6911 | D:8      | Identified a +0 ring mail
  6931 | D:8      | Identified 3 potions of brilliance
  6932 | D:8      | Identified 2 potions of invisibility
  6961 | D:8      | Identified a +0 club
  7184 | D:8      | Reached skill level 9 in Axes
  7238 | D:9      | Identified a +0 giant spiked club
  7242 | D:9      | HP: 17/90 [ogre/+0 giant spiked club (16)]
  7244 | D:9      | Slain by an ogre

Table legend:
 A = Turns spent in this place as a percentage of turns spent in the entire game.
 B = Non-inter-level travel turns spent in this place as a percentage of non-inter-level travel turns spent in the entire game.
 C = Inter-level travel turns spent in this place as a percentage of turns spent in this place.
 D = Turns resting spent in this place as a percentage of non-inter-level travel turns spent in this place.
 E = Turns spent auto-exploring this place as a percentage of non-inter-level travel turns spent in this place.
 F = Non-inter-level travel turns spent in this place divided by the number of levels of this place that you've seen.
                   A       B       C       D       E      F
               +-------+-------+-------+-------+-------+----------------------
         Total | 100.0 | 100.0 |   5.3 |   0.1 |  71.7 | 685.9
       Dungeon |  96.6 |  96.4 |   5.5 |   0.1 |  73.9 | 734.9
       Ossuary |   3.4 |   3.6 |   0.0 |   0.0 |  12.2 | 245.0
               +-------+-------+-------+-------+-------+----------------------

Table legend:
 A = Kills in this place as a percentage of kills in entire the game.
 B = Kills by you in this place as a percentage of kills by you in the entire game.
 C = Kills by friends in this place as a percentage of kills by friends in the entire game.
 D = Other kills in this place as a percentage of other kills in the entire game.
 E = Experience gained in this place as a percentage of experience gained in the entire game.
 F = Experience gained in this place divided by the number of levels of this place that you have seen.
                   A       B       C       D       E      F
               +-------+-------+-------+-------+-------+----------------------
         Total | 100.0 | 100.0 |   N/A |   N/A | 100.0 | 655.5
       Dungeon |  89.9 |  89.9 |   N/A |   N/A |  96.2 | 700.9
       Ossuary |  10.1 |  10.1 |   N/A |   N/A |   3.8 | 247.0
               +-------+-------+-------+-------+-------+----------------------

Skill      XL: |  1  2  3  4  5  6  7  8  9 10 |
---------------+-------------------------------+-----
Axes           | 3 4 5 6 7 8 9 |  9.0
Fighting       | 3 4 5 |  5.6
Slings         | 2 3 4 5 |  5.7
Shields        | 4 5 6 |  6.8
Armour         | 4 5 6 |  6.8
Invocations    | 3 6 |  6.8
Dodging        | 2 3 |  3.8

Action                   |  1- 3 |  4- 6 |  7- 9 | 10-12 || total
-------------------------+-------+-------+-------+-------++-------
Melee: War axe           |   109 |   103 |   328 |    39 ||   579
       Flail             |       |       |    40 |       ||    40
 Fire: Hunting sling     |    73 |   110 |   103 |    32 ||   318
Throw: Stone             |    18 |     4 |       |       ||    22
       Dart              |       |       |     9 |       ||     9
       Javelin           |       |       |     2 |       ||     2
 Abil: Heal Wounds       |       |     3 |    11 |       ||    14
Evoke: Wand              |       |       |     1 |       ||     1
  Use: Potion            |       |     5 |       |       ||     5
       Scroll            |       |     3 |     2 |     3 ||     8
  Eat: Chunk             |     3 |     7 |     3 |     1 ||    14
       Ration            |       |       |     2 |       ||     2
Armor: Scale mail        |    28 |       |       |       ||    28
       Fire dragon scale |    22 |    34 |   216 |       ||   272
       Skin              |       |    23 |     5 |       ||    28
       Plate armour      |       |       |    31 |    25 ||    56
Dodge: Dodged            |    43 |    26 |   202 |     5 ||   276
Block: Kite shield       |    59 |    78 |   291 |    19 ||   447

Vanquished Creatures
  Harold (D:7)
  Pikel (D:5)
  Joseph (D:7)
  Maggie (D:7)
  A hippogriff (D:8)
  Sigmund (D:3)
  A yak (D:8)
  Eustachio (D:6)
  Edmund (D:6)
  A water moccasin (D:7)
  2 ice beasts
  2 phantoms
  A black bear (D:6)
  A slave (D:4)
  An orc warrior (D:6)
  An ogre (D:7)
  A centaur (D:5)
  An elf zombie (Ossuary)
  2 bullfrogs
  3 scorpions
  2 howler monkeys
  2 crimson imps (D:6)
  A quasit (D:6)
  A human zombie (Ossuary)
  An orc priest (D:3)
  2 hounds (D:6)
  Crazy Yiuf (D:6)
  A bullfrog skeleton (D:5)
  A jelly (D:6)
  2 orc wizards
  Jessica (D:3)
  2 iguanas
  2 worker ants
  A killer bee zombie (D:7)
  A hound zombie (Ossuary)
  4 mummies (Ossuary)
  5 adders
  4 gnolls (D:3)
  5 shadow imps
  An adder skeleton (D:6)
  4 worms
  2 dart slugs
  4 leopard geckos
  12 orcs
  2 giant cockroaches
  A gnoll zombie (Ossuary)
  10 goblins
  9 hobgoblins
  11 jackals
  2 ball pythons (D:1)
  9 bats
  6 frilled lizards
  3 goblin zombies (Ossuary)
  2 hobgoblin zombies (Ossuary)
  A jackal zombie (Ossuary)
  8 kobolds
  2 kobold zombies (Ossuary)
  2 leopard gecko skeletons
  5 rats
160 creatures vanquished.
